cohdb
Replays
Latest Replays
All Replays
Popular Replays
Top Player Replays
Match Explorer
How It Works
Community
CoH3 Stats
Reddit
Sign in to upload your games and track your stats! →
Sign in with Steam
Match 42733989
Unlisted
Match 42733989
Overview
Messages
Build Orders
End
Selects Panzerjäger Kommand Battlegroup
Selects Mine Fields
Kradschützen Motorcycle Team
Panzergrenadier Squad
Panzergrenadier Squad
Construct Light Support Kompanie
Selects Tank Busters
MG34 Team
Panzerjäger Squad
Fire Support Elements
Selects Defensive Positions
Flakvierling Half-track
Murder Boner
Trash Panda
MrMisrulent
Darbesky
0
0
Comments
sign in to comment!
No comments posted yet!